 Dungeon Crawl Stone Soup version 0.29.0-13-gc9e81de378 (webtiles) character file.

Game seed: 16884739051475759674

458 purpskrrrp the Chopper (level 7, -2/43 HPs)
             Began as a Gargoyle Fighter on Sept 7, 2022.
             Was an Initiate of Ashenzari.
             Slain by a polar bear (15 damage)
             ... created by the rage of Trog
             ... on level 4 of the Dungeon.
             The game lasted 00:05:30 (3720 turns).

purpskrrrp the Chopper (Gargoyle Fighter)           Turns: 3720, Time: 00:05:30

Health: -2/43      AC: 17    Str: 22    XL:     7   Next: 6%
Magic:  7/7        EV:  9    Int:  8    God:    Ashenzari [......]
Gold:   214        SH:  4    Dex:  9    Spells: 6/6 levels left

rFire   . . .      SeeInvis .   a - +2 war axe
rCold   . . .      Faith    .   c - +0 buckler
rNeg    + + .      Spirit   .   b - +0 scale mail
rPois   ∞          Reflect  .   d - +2 helmet
rElec   +          Harm     .   (no cloak)
rCorr   .          Rampage  .   (no gloves)
Will    .....                   k - +1 pair of boots
Stlth   ..........              p - amulet of magic regeneration
HPRegen 0.14/turn               i - ring of positive energy
MPRegen 0.50/turn               (no ring)

@: no status effects
A: sickness immunity, AC +4, negative energy resistance 1, electricity
resistance, torment resistance 1, petrification resistance
a: Renounce Religion


You were on level 4 of the Dungeon.
You worshipped Ashenzari.
Ashenzari was noncommittal.
You visited 1 branch of the dungeon, and saw 4 of its levels.

You collected 214 gold pieces.

Inventory:

Hand Weapons
 a - a +2 war axe (weapon)
Armour
 b - a +0 scale mail (worn)
 c - a +0 buckler (worn)
 d - a +2 helmet (worn)
 k - a +1 pair of boots (worn)
Magical Staves
 l - a staff of conjuration
Jewellery
 i - a ring of positive energy (left hand)
 p - an amulet of magic regeneration (around neck)
Wands
 q - a wand of flame (23)
Scrolls
 e - a scroll of identify
 f - a scroll of enchant weapon
 t - a scroll of teleportation {unknown}
 y - a scroll of torment
Potions
 g - a potion of ambrosia
 h - a potion of heal wounds {unknown}
 j - a potion of curing
 m - a potion of magic {unknown}
 n - a potion of resistance {unknown}
 o - a potion of berserk rage {unknown}
 r - a potion of flight {unknown}
 s - a potion of might
 v - 2 potions of brilliance
 x - a potion of degeneration {unknown}
 z - a potion of lignification {unknown}


   Skills:
 - Level 4.1 Fighting
 + Level 5.6 Axes
 - Level 4.1 Armour
 - Level 4.2 Shields


You had 6 spell levels left.
You didn't know any spells.
Your spell library contained the following spells:

 Spells                   Type           Power      Damage    Failure   Level
 Apportation              Tloc           0%         N/A       82%         1
 Necrotise                Necr           0%         1d4       82%         1
 Sting                    Tmut/Pois      0%         1d3       82%         1
 Summon Small Mammal      Summ           0%         N/A       82%         1
 Poisonous Vapours        Pois/Air       0%         N/A       91%         2
 Gell's Gravitas          Tloc           0%         N/A       99%         3
 Teleport Other           Tloc           0%         N/A       99%         3
 Olgreb's Toxic Radiance  Pois           0%         N/A       100%        4
 Dispersal                Tloc           0%         N/A       100%        6


Dungeon Overview and Level Annotations

Branches:
Dungeon (4/15)
 Temple: D:4-7

Altars:
Ashenzari
Trog
Uskayaw


Innate Abilities, Weirdness & Mutations

You are immune to sickness and miasma.
Your stone body is resilient. (AC +4)
You are immune to poison.
You resist negative energy. (rN+)
You are resistant to electric shocks. (rElec)
You are resistant to unholy torment.
You are immune to petrification.


Message History

You slash the orc!
You kill the orc!
No target in view!
No target in view!
No target in view!
No target in view!
No target in view!
No target in view!
No target in view!
No target in view!
No target in view!
No target in view!
No target in view!
No target in view!
No target in view!
No target in view!
m - a murky inky potion;
t - a scroll labelled HOW ACAH IXE You see here a +0 falchion.
Trog sends monsters to punish you. 2 polar bears and 2 black bears come into view.
Things that are here:
a +1 vorpal flail; an orc corpse
There are monsters nearby!
You hit the black bear but do no damage.
You barely miss the black bear. You closely miss the black bear.
You slash the black bear! The black bear bites you!
The black bear barely misses you.
The black bear claws you but does no damage.
You hit the black bear.
The black bear is moderately wounded.
You barely miss the polar bear. You completely miss the polar bear.
The polar bear bites you. The polar bear claws you.
The polar bear closely misses you. The black bear bites you!
The black bear barely misses you.
The black bear claws you but does no damage.
The polar bear bites you but does no damage.
The polar bear claws you but does no damage.
The polar bear barely misses you. The black bear barely misses you.
The black bear claws you. x2; The polar bear bites you!
You die...

#.#,,,,,,,,,,,,,,.......#.##..##.
#.#,,,****,,***########.#........
..#,,,*,,#,,*,,+...#,,#.#####.###
..#,,,*,,#.,*,,#...#,,#.# #..##
..#,,,**+#..###*...##+#.# #....
..#,,,,,,......###'#....# ##.##
..#,,,,,,....⌠..h..))...# #..#
..#,,*+***'#...hhh))....# ##..
..#,,*,,*,,##'##@.####..######...
..#,,*,,*,,*,,,#..#..#...........
.##,,***#***,,,#))#(.#........(..
..#,,,,,P..#####..#'##...........
..#,,,,,.........................
..#,*,*,######..########.........
..#,*,,,........†.# ##########
..#,,,,,.########.# *,,,,,
..#,,,,,,* #.# *,,,,,


You could see 2 polar bears and 2 black bears.

Vanquished Creatures
  2 phantoms (D:4)
  A hound (D:4)
  A jelly (D:4)
  2 orc priests (D:4)
  Jessica (D:2)
  Robin (D:2)
  4 gnolls (D:2)
  A worm (D:4)
  17 orcs
  5 ball pythons
  5 endoplasms
  A giant cockroach (D:1)
  9 goblins
  11 hobgoblins
  6 jackals
  5 kobolds
  4 quokkas
  3 bats
  11 frilled lizards
  5 rats
95 creatures vanquished.

Vanquished Creatures (others)
  5 plants (D:4)
5 creatures vanquished.

Grand Total: 100 creatures vanquished

Notes
Turn   | Place    | Note
-------+----------+-------------------------------------------
     0 | D:1      | purpskrrrp the Gargoyle Fighter began the quest for the
                  | Orb.
     0 | D:1      | Reached XP level 1. HP: 14/14 MP: 1/1
   104 | D:1      | Reached skill level 2 in Axes
   202 | D:1      | Reached XP level 2. HP: 19/19 MP: 2/2
   887 | D:2      | Reached XP level 3. HP: 19/23 MP: 3/3
  1118 | D:2      | Noticed Jessica
  1125 | D:2      | Killed Jessica
  1229 | D:2      | Reached XP level 4. HP: 23/29 MP: 4/4
  1234 | D:2      | Reached skill level 3 in Axes
  1517 | D:2      | Noticed Robin
  1532 | D:2      | Killed Robin
  1534 | D:2      | Reached XP level 5. HP: 26/33 MP: 5/5
  2122 | D:3      | Found a faded altar of an unknown god.
  2128 | D:3      | Prayed at the altar of an unknown god.
  2128 | D:3      | Became a worshipper of Trog the Wrathful
  2128 | D:3      | Reached * piety under Trog
  2402 | D:3      | Found a hide-covered altar of Uskayaw.
  2775 | D:4      | Noticed a phantom
  2794 | D:4      | Killed a phantom
  2795 | D:4      | Reached skill level 4 in Axes
  2795 | D:4      | Reached XP level 6. HP: 29/38 MP: 6/6
  3254 | D:4      | Found a broken altar of Ashenzari.
  3257 | D:4      | Fell from the grace of Trog
  3257 | D:4      | Became a worshipper of Ashenzari the Shackled
  3480 | D:4      | Reached skill level 5 in Axes
  3565 | D:4      | Reached XP level 7. HP: 43/43 MP: 7/7
  3718 | D:4      | Noticed a polar bear
  3718 | D:4      | Noticed a polar bear
  3720 | D:4      | Slain by a polar bear

Illustrated notes

Levels and vault maps discovered:
D:1:      minmay_arrival_radiant_lines, layout_loops_ring, minmay_tetromino_s2
D:2:      layout_basic, dreamdust_princess_corridor, minmay_lizard_pond,
          uniq_robin, uniq_jessica
D:3:      layout_basic, mainiacjoe_overflow_paths, basic_ecumenical_altar
D:4:      corexii_shack_village, layout_basic, ashenzari_conservatory_becter

Skill      XL: |  1  2  3  4  5  6 |
---------------+-------------------+-----
Axes           | 2 3 4 5 |  5.6
Shields        | 4 |  4.2
Fighting       | 4 |  4.1
Armour         | 4 |  4.1

Action                   |  1- 3 |  4- 6 |  7- 9 || total
-------------------------+-------+-------+-------++-------
Melee: War axe           |    51 |   142 |    38 ||   231
  Use: Potion            |     1 |       |       ||     1
       Scroll            |       |    12 |       ||    12
Armor: Scale mail        |    37 |    86 |    26 ||   149
Dodge: Dodged            |    43 |    68 |    22 ||   133
Block: Buckler           |    17 |    32 |     8 ||    57
